 Dungeon Crawl Stone Soup version 0.30-b1-2-g02819fbbbe (webtiles) character file.

Game seed: 17425759500437654123

19037 bl3nd3r the Grappler (level 12, 0/183 HPs)
             Began as a Troll Fighter on May 20, 2023.
             Was an Initiate of Ashenzari.
             Slain by a yak (3 damage)
             ... in an ice cave.
             The game lasted 00:21:25 (10401 turns).

bl3nd3r the Grappler (Troll Fighter)               Turns: 10401, Time: 00:21:26

Health: 0/183      AC: 26    Str: 37    XL:     12   Next: 33%
Magic:  11/11      EV:  1    Int:  4    God:    Ashenzari [......]
Gold:   782        SH: 10    Dex:  9    Spells: 11/11 levels left

rFire   . .          .
                       - Unarmed
rCold   . . .        b - +1 kite shield
rNeg    . . .        w - melded +0 steam dragon scales
rPois   +            F - melded +1 hat
rElec   .            s - melded scarf {+Inv}
rCorr   .            (gloves unavailable)
SInv    .            (boots unavailable)
Will    .....        l - amulet of magic regeneration
Stlth   +            B - +6 ring of strength
HPRegen 1.30/turn    D - +5 ring of evasion
MPRegen 0.52/turn

%: no passive effects
@: tree-form, studying Air Magic
A: stationary, stasis, torment immunity, boosted hp, large, unfitting armour,
(claws 3), regeneration 1, (shaggy fur 1), (tough skin 1)
a: Renounce Religion, Curse Item


You were in an ice cave.
You worshipped Ashenzari.
Ashenzari was noncommittal.
You were a tree.
You visited 3 branches of the dungeon, and saw 12 of its levels.
You also visited: Ice Cave.

You collected 782 gold pieces.

Inventory:

Hand Weapons
 a - a +0 whip of freezing
Missiles
 f - 25 poisoned darts (quivered)
 y - a throwing net
 L - 7 boomerangs
Armour
 b - a +1 kite shield (worn)
 s - a scarf of invisibility (melded)
 w - +0 steam dragon scales (melded)
 F - a +1 hat (melded)
 M - a +0 robe
Jewellery
 l - an amulet of magic regeneration (around neck)
 B - a +6 ring of strength (left branch)
 D - a +5 ring of evasion (right branch)
 E - a ring of poison resistance
Wands
 k - a wand of charming (16)
 r - a wand of roots (23)
 u - a wand of polymorph (9)
 K - a wand of quicksilver (4)
Scrolls
 c - a scroll of enchant weapon
 i - a scroll of immolation
 j - 4 scrolls of teleportation
 o - 4 scrolls of fog
 C - a scroll of poison
Potions
 d - 3 potions of brilliance {unknown}
 e - 4 potions of invisibility {unknown}
 g - 2 potions of cancellation {unknown}
 h - 5 potions of attraction {unknown}
 m - 4 potions of flight
 n - a potion of mutation
 p - 2 potions of lignification
 q - 3 potions of degeneration {unknown}
 t - 6 potions of curing {unknown}
 v - 2 potions of magic {unknown}
 z - a potion of ambrosia
Miscellaneous
 J - a phial of floods


   Skills:
 + Level 8.5 Fighting
 * Level 8.3 Maces & Flails
 - Level 5.0 Dodging
 - Level 6.0 Shields
 - Level 13.9 Unarmed Combat


You had 11 spell levels left.
You didn't know any spells.
Your spell library contained the following spells:

 Spells                   Type           Power      Damage    Failure   Level
 Freeze                   Ice            0%         1d3       67%         1
 Static Discharge         Conj/Air       0%         2-2/arc   80%         2
 Frozen Ramparts          Ice            0%         1d1       95%         3
 Hailstorm                Conj/Ice       0%         3d3       95%         3
 Airstrike                Air            0%         2d(0-16)  100%        4
 Summon Lightning Spire   Summ/Air       0%         N/A       100%        4


Dungeon Overview and Level Annotations

Branches:
Dungeon (10/15)            Temple (1/1) D:7            Lair (1/5) D:10
    Orc (0/2) D:10          IceCv (1/1)

Altars:
Ashenzari
Cheibriados
Dithmenos
Elyvilon
Fedhas
Gozag
Hepliaklqana
Kikubaaqudgha
Makhleb
Nemelex Xobeh
Okawaru
Qazlal
Ru
Sif Muna
Trog
Uskayaw
Vehumet
Wu Jian
Xom
Yredelemnul
Zin
The Shining One

Shops:
D:6 :   D:10 (

Portals:
Abyss: D:5

Annotations:
D:5 2 transporters, steph's ghost, novice DjFE


Innate Abilities, Weirdness & Mutations

You are a tree.
Your roots penetrate the ground, keeping you stationary.
You cannot be teleported.
You are immune to unholy pain and torment.
Your maximum health is greatly increased.
Your equipment is partially melded.
You are too large for most types of armour.
((You have claws for hands.))
Your natural rate of healing is unusually fast.
((You are covered in fur. (AC +1)))
((You have tough skin. (AC +1)))


Message History

A rime drake comes into view.
Found 16 gold pieces.
The rime drake hisses angrily.
The rime drake breathes ice at you. You block the icy flash freeze.
You hear an angry growl.
You mangle the yak!!
The yak is almost dead.
The yak closely misses you.
You eviscerate the yak!!!
You kill the yak!
The yak gores you!
* * * LOW HITPOINT WARNING * * *
A polar bear comes into view.
You take 13 damage, and have 14/122 hp.
You mangle the death yak!!
The death yak is heavily wounded.
You block the yak's attack. You block the death yak's attack.
You eviscerate the death yak!!!
You kill the death yak!
The yak gores you!
* * * LOW HITPOINT WARNING * * *
You take 10 damage, and have 5/122 hp.
Really read the scroll of poison?
Okay, then.
Unknown command.
Unknown command.
Okay, then.
It was a potion of lignification.
You turn into a tree.
Your scarf of invisibility melds into your body.
Your +1 hat melds into your body.
Your +0 steam dragon scales melds into your body.
Your roots penetrate the ground.
You feel a little less mighty now. The death yak gores you.
* * * LOW HITPOINT WARNING * * *
The yak gores you.
* * * LOW HITPOINT WARNING * * *
The yak gores you.
You die...

###..).######........
###### ##........##
#........##
#........## ##
##.......# $$#
###.....## ...#k
##...Y.###......
###YYY.........#
##♣..h.....##.#
############≈≈ #≈≈≈##
#≈≈≈≈# ### #≈≈≈#
#.### #≈≈## ####...#
##..# .......###
##..## ...###...#
##..##


You could see a death yak, a polar bear and 3 yaks.

Vanquished Creatures
  A frost giant (IceCv)
  5 death yaks (IceCv)
  Pikel (D:8)
  An ugly thing (IceCv)
  A manticore (D:10)
  Joseph (D:10)
  An ice statue (IceCv)
  An unseen horror (D:10)
  4 cane toads (Lair:1)
  4 gargoyles (D:7)
  A kobold demonologist (D:10)
  5 rime drakes (IceCv)
  A komodo dragon (Lair:1)
  5 polar bears (IceCv)
  2 trolls (D:10)
  Sigmund (D:4)
  A wraith (D:10)
  2 wyverns (D:9)
  A shadow (D:10)
  A basilisk (Lair:1)
  13 yaks
  2 steam dragons (D:8)
  3 vampire mosquitoes (D:10)
  2 acid dragons (D:10)
  4 water moccasins
  3 orc warriors
  4 ice beasts
  An ogre (D:4)
  3 black bears
  3 wolves (IceCv)
  3 centaurs
  2 phantoms
  4 kobold brigands
  4 scorpions
  3 bullfrogs
  A gnoll sergeant (D:10)
  4 wights (D:9)
  7 killer bees
  A howler monkey (D:10)
  4 hounds
  3 jellies
  8 orc priests
  Ijyb (D:5)
  2 iguanas
  4 orc wizards
  3 gnolls (D:4)
  8 adders
  2 white imps
  2 ufetubi
  A worm (D:4)
  3 dart slugs
  29 orcs
  7 ball pythons
  5 bats
  7 endoplasms
  3 giant cockroaches (D:2)
  12 goblins
  8 hobgoblins
  3 quokkas
  3 frilled lizards
  24 kobolds
  5 rats
254 creatures vanquished.

Vanquished Creatures (others)
  An orc (D:8)
  3 plants (D:10)
4 creatures vanquished.

Grand Total: 258 creatures vanquished

Notes
Turn   | Place    | Note
-------+----------+-------------------------------------------
     0 | D:1      | bl3nd3r the Troll Fighter began the quest for the Orb.
     0 | D:1      | Reached XP level 1. HP: 22/22 MP: 0/0
   424 | D:1      | Reached XP level 2. HP: 29/29 MP: 1/1
  1054 | D:2      | You fall into a shaft and drop 1 floor!
  1162 | D:3      | Found a glowing golden altar of the Shining One.
  1162 | D:3      | Found a white marble altar of Elyvilon.
  1165 | D:3      | Found a glowing silver altar of Zin.
  1237 | D:3      | Reached XP level 3. HP: 36/36 MP: 2/2
  1486 | D:3      | Found an opulent altar of Gozag.
  1750 | D:2      | Reached skill level 3 in Unarmed Combat
  1777 | D:2      | Found an ornate altar of the Wu Jian Council.
  1907 | D:2      | Reached XP level 4. HP: 44/44 MP: 3/3
  2900 | D:4      | Noticed a black bear
  2910 | D:4      | Killed a black bear
  2911 | D:4      | Reached skill level 4 in Unarmed Combat
  2911 | D:4      | Reached XP level 5. HP: 44/50 MP: 4/4
  3114 | D:4      | Found a sacrificial altar of Ru.
  3165 | D:3      | Reached skill level 5 in Unarmed Combat
  3165 | D:3      | Reached XP level 6. HP: 36/59 MP: 5/5
  3337 | D:4      | Noticed Sigmund
  3350 | D:4      | Killed Sigmund
  3351 | D:4      | Reached skill level 6 in Unarmed Combat
  3351 | D:4      | Reached XP level 7. HP: 46/66 MP: 6/6
  3869 | D:5      | Entered Level 5 of the Dungeon
  3942 | D:5      | Found a transporter.
  3979 | D:5      | Noticed Ijyb
  4008 | D:4      | Reached skill level 5 in Shields
  4156 | D:5      | Reached skill level 7 in Unarmed Combat
  4164 | D:5      | Killed Ijyb
  4199 | D:5      | Found a transporter.
  4209 | D:5      | Noticed steph's ghost (novice DjFE)
  4224 | D:5      | Found a one-way gate to the infinite horrors of the Abyss.
  4291 | D:5      | Found a shadowy altar of Dithmenos.
  4613 | D:5      | Found a basalt altar of Yredelemnul.
  5036 | D:6      | Found Lucw's Book Boutique.
  5097 | D:6      | Reached XP level 8. HP: 67/74 MP: 7/7
  5123 | D:6      | Reached skill level 8 in Unarmed Combat
  5355 | D:6      | Reached skill level 9 in Unarmed Combat
  5613 | D:7      | Found a staircase to the Ecumenical Temple.
  5668 | Temple   | Entered the Ecumenical Temple
  5824 | Temple   | Became a worshipper of Ashenzari the Shackled
  6267 | D:7      | Reached skill level 10 in Unarmed Combat
  6296 | D:7      | Found a hide-covered altar of Uskayaw.
  6497 | D:7      | Noticed a gargoyle
  6502 | D:7      | Killed a gargoyle
  6503 | D:7      | Reached XP level 9. HP: 62/81 MP: 8/8
  6524 | D:7      | Noticed a gargoyle
  6526 | D:7      | Killed a gargoyle
  6544 | D:7      | Noticed a gargoyle
  6549 | D:7      | Killed a gargoyle
  6574 | D:7      | Noticed a gargoyle
  6579 | D:7      | Killed a gargoyle
  6580 | D:7      | Reached skill level 11 in Unarmed Combat
  7239 | D:8      | Found a burning altar of Makhleb.
  7280 | D:8      | Reached XP level 10. HP: 75/94 MP: 9/9
  7537 | D:9      | Noticed Pikel
  7563 | D:8      | Killed Pikel
  7649 | D:9      | Reached skill level 12 in Unarmed Combat
  7795 | D:9      | Reached skill level 5 in Fighting
  7795 | D:9      | Reached skill level 5 in Dodging
  8127 | D:10     | Entered Level 10 of the Dungeon
  8127 | D:10     | Noticed a manticore
  8138 | D:10     | Killed a manticore
  8174 | D:10     | Found Aziom's Antique Weapon Emporium.
  8182 | D:10     | Found a staircase to the Orcish Mines.
  8258 | D:10     | Found a staircase to the Lair.
  8387 | D:10     | Reached skill level 13 in Unarmed Combat
  8782 | D:10     | Reached XP level 11. HP: 98/105 MP: 10/10
  9026 | D:10     | Found an ancient bone altar of Kikubaaqudgha.
  9045 | D:10     | Noticed Joseph
  9049 | D:10     | Killed Joseph
  9320 | Lair:1   | Entered Level 1 of the Lair of Beasts
  9364 | Lair:1   | Reached skill level 1 in Maces & Flails
  9519 | Lair:1   | Found a frozen archway.
  9614 | IceCv    | Entered an ice cave
  9734 | IceCv    | Noticed a death yak
  9748 | IceCv    | Killed a death yak
  9749 | IceCv    | Reached skill level 5 in Maces & Flails
  9904 | IceCv    | Noticed a white ugly thing
  9906 | IceCv    | Noticed a death yak
  9917 | IceCv    | Killed a death yak
  9929 | IceCv    | Killed a white ugly thing
 10162 | IceCv    | Reached XP level 12. HP: 68/119 MP: 11/11
 10279 | IceCv    | Noticed a death yak
 10280 | IceCv    | Noticed a death yak
 10293 | IceCv    | Killed a death yak
 10300 | IceCv    | Killed a death yak
 10352 | IceCv    | Noticed a frost giant
 10352 | IceCv    | Noticed a death yak
 10370 | IceCv    | Killed a frost giant
 10379 | IceCv    | Noticed a death yak
 10389 | IceCv    | HP: 2/122 [death yak (24)]
 10400 | IceCv    | Killed a death yak
 10400 | IceCv    | HP: 5/122 [yak (12)]
 10401 | IceCv    | Slain by a yak

Illustrated notes

Levels and vault maps discovered:
D:1:      minmay_arrival_split_and_join, layout_basic, item_on_display_b
D:2:      layout_basic, basic_altar, nicolae_hexahallways, grunt_decor_clamped,
          hangedman_decor_slide_cut, minivault_26
D:3:      layout_basic, dreamdust_divine_triumvirate, grunt_gozag_breadcrumbs,
          st_stairs_3, hangedman_decor_growths
D:4:      minmay_skewed_foursquare, layout_loops_ring, hangedman_ru_absence,
          uniq_sigmund
D:5:      layout_basic, grunt_dithmenos_smoke, mainiacjoe_overflow_brackets,
          gammafunk_ghost_abyssal_escape, serial_glass, glass_columns_a,
          glass_columns_b, glass_columns_b, glass_columns_c, glass_columns_c,
          glass_columns_a, minmay_strange_pillars, item_on_display_a,
          feat_on_display, uniq_ijyb
D:6:      layout_cave_pools, serial_shops, nicolae_stop_n_shop_1
D:7:      cheibrodos_statue_roulette, layout_loops_corners,
          nicolae_uskayaw_dance_hall, minmay_temple_entry_mist
D:8:      layout_rooms, overflow_temple_1_default, interstate_on_off
D:9:      layout_roguey, uniq_pikel
D:10:     layout_loops_ring, nicolae_kikubaaqudgha_miasma_corner,
          dpeg_oklobed_lair, orc_0_dummy, serial_shops, shop,
          minmay_joined_circles, uniq_joseph
Temple:   hellmonk_temple_forest_ring
Lair:1:   layout_misc_corridors, portal_ice_cave_entry_pillars_1, minmay_holes
IceCv:    ice_cave_small_giant

Skill      XL: |  1  2  3  4  5  6  7  8  9 10 11 12 |
---------------+-------------------------------------+-----
Shields        | 3 4 5 6 |  6.0
Unarmed Combat | 3 4 5 6 7 10 11 13 | 13.9
Fighting       | 3 4 6 7 8 |  8.5
Dodging        | 4 5 |  5.0
Maces & Flails | 6 8 |  8.3

Action                     |  1- 3 |  4- 6 |  7- 9 | 10-12 || total
---------------------------+-------+-------+-------+-------++-------
  Melee: Unarmed           |   103 |   112 |   248 |   387 ||   850
  Throw: Dart              |       |     2 |       |     4 ||     6
    Use: Scroll            |     5 |     3 |     4 |     7 ||    19
         Potion            |       |     1 |     2 |     4 ||     7
   Stab: Sleeping          |       |     1 |       |       ||     1
 Armour: Robe              |    37 |    19 |    55 |       ||   111
         Steam dragon scal |       |       |     6 |   102 ||   108
  Dodge: Dodged            |    28 |    50 |    85 |   161 ||   324
  Block: Kite shield       |    38 |    51 |    97 |   194 ||   380
